 Dungeon Crawl Stone Soup version 0.25.1-2-g60ff931df9 (webtiles) character file.

Game seed: 13979095798382142990

2333 lepoulpe303 the Thaumaturge (level 9, -1/39 HPs)
             Began as a Spriggan Earth Elementalist on Aug 28, 2020.
             Was an Initiate of Gozag.
             Shot with an arrow by a centaur warrior (12 damage)
             ... on level 8 of the Dungeon.
             The game lasted 00:34:01 (10003 turns).

lepoulpe303 the Thaumaturge (SpEE)                 Turns: 10003, Time: 00:34:01

Health: -1/39      AC:  3    Str:  4    XL:     9   Next: 19%
Magic:  18/22      EV: 23    Int: 19    God:    Gozag
Gold:   832        SH:  0    Dex: 17    Spells: 9/24 levels left

rFire    . . .     SeeInvis +   a - +2 dagger (protect)
rCold    . . .     Gourm    .   (shield restricted)
rNeg     . . .     Faith    .   c - +0 robe
rPois    .         Spirit   .   (helmet restricted)
rElec    .         Reflect  .   h - +0 cloak
rCorr    .         Harm     .   (gloves unavailable)
MR       +....                  (boots unavailable)
Stlth    ++++......             (no amulet)
HPRegen  0.13/turn              (no ring)
MPRegen  0.18/turn              (no ring)

@: very quick
A: very small, unfitting armour, see invisible, herbivore, speed 3, mutation
resistance 1, slow metabolism 2
a: Potion Petition, Call Merchant, Bribe Branch, Renounce Religion


You were on level 8 of the Dungeon.
You worshipped Gozag.
Gozag was pleased with you.
You were not hungry.

You visited 2 branches of the dungeon, and saw 9 of its levels.
You also visited: Sewer.

You collected 878 gold pieces.
You paid 46 gold pieces to Gozag.

Inventory:

Hand Weapons
 a - a +2 dagger of protection (weapon)
 b - a +1 short sword of speed
Missiles
 v - 15 poisoned darts (quivered)
 Q - 63 stones
Armour
 c - a +0 robe (worn)
 h - a +0 cloak (worn)
 B - a +0 buckler
Wands
 k - a wand of polymorph (17)
 D - a wand of digging (3)
Scrolls
 d - a scroll of immolation {unknown}
 g - a scroll of fear {unknown}
 i - 3 scrolls of identify
 j - a scroll of amnesia {unknown}
 o - a scroll of fog {unknown}
 r - 3 scrolls of magic mapping {!r}
 t - 9 scrolls of teleportation
 w - 3 scrolls of enchant armour {unknown}
 x - 3 scrolls of enchant weapon {unknown}
 y - a scroll of blinking {unknown}
Potions
 f - 2 potions of mutation {!q}
 l - a potion of heal wounds {unknown}
 m - a potion of haste
 n - 2 potions of might {unknown}
 p - a potion of cancellation {unknown}
 q - 5 potions of curing
 s - 2 potions of invisibility {unknown}
 u - 3 potions of magic
 z - a potion of berserk rage {unknown}
 A - a potion of lignification {!q}
 C - a potion of stabbing
Comestibles
 e - 11 rations


   Skills:
 + Level 4.7 Short Blades
 + Level 7.4 Dodging
 + Level 7.9 Stealth
 * Level 8.3 Spellcasting
 - Level 1.3 Transmutations
 * Level 6.6 Earth Magic


You had 9 spell levels left.
You knew the following spells:

 Your Spells              Type           Power        Failure   Level  Hunger
a - Sandblast             Erth           ####..       1%          1    None
c - Petrify               Tmut/Erth      ###.....     17%         4    ###....
w - Passwall              Tmut/Erth      ###.....     2%          2    None
x - Stone Arrow           Conj/Erth      ###...       7%          3    None
z - Lee's Rapid Deconstr  Erth           ####......   16%         5    #####..

Your spell library contained the following spells:

 Spells                   Type           Power        Failure   Level  Hunger
 Animate Skeleton         Necr           N/A          9%          1    None
 Pain                     Necr           #...         9%          1    None
 Vampiric Draining        Necr           #.........   26%         3    None
 Animate Dead             Necr           N/A          65%         4    ###....
 Agony                    Necr           #.......     94%         5    #####..


Dungeon Overview and Level Annotations

Branches:
Dungeon (8/15)             Temple (1/1) D:4           Sewer (visited)
   Lair: D:8-11

Altars:
Ashenzari
Fedhas
Gozag
Hepliaklqana
Kikubaaqudgha
Okawaru
Ru
Sif Muna
Zin


Innate Abilities, Weirdness & Mutations

You are very small and have problems with some larger weapons.
You are too small for most types of armour.
You have supernaturally acute eyesight. (SInv)
You are a herbivore.
You cover ground extremely quickly.
You need to consume almost no food.
You are somewhat resistant to further mutation.


Message History

The orc wizard flickers and vanishes for a moment.
A centaur warrior comes into view.
Okay, then.
Aim: a centaur warrior, quivering 14 arrows The stone arrow hits the centaur warrior!
You hear a shout!
The centaur warrior wields a +0 shortbow.
The centaur warrior shoots an arrow.
The arrow hits you!
You hear an angry buzzing noise. x2
You take 10 damage, and have 29/39 hp.
MASSIVE DAMAGE!!
You now have 19/22 mp.
Aim: a centaur warrior, wielding a +0 shortbow and quivering 13 arrows (lightly wounded)
The blast of sand hits the centaur warrior.
Q - 63 stones The centaur warrior shoots an arrow.
The arrow hits you!!
* * * LOW HITPOINT WARNING * * *
The centaur warrior shoots an arrow.
The arrow hits you!
You die...
Your body crumbles into a pile of gold. #### ..# .oo

############c#
#..).......#.#
#.#........#@#
#.#.#.<#.#.#.#
#.#.#......#.#
#.#.##.##.##.#
#............#
###.#####.######
..............#
###.####.#.###.#
#.###


You could see a centaur warrior, an orc wizard (invisible) and an orc.

Levels and vault maps discovered:
D:1:      ncdulo_wetmaze, layout_basic, serial_bayou_pond_c, chequers_arboretum,
          minmay_misc_feat_enclosed, grunt_decor_cap, minivault_19
D:2:      layout_basic
D:3:      layout_basic, led_sif_pool, due_unseen_surprise, uniq_robin,
          uniq_natasha, uniq_jessica
D:4:      layout_loops_cross, minmay_temple_entry_offerings,
          portal_sewer_entry_e, first_ration
D:5:      layout_gridville, basic_altar
D:6:      layout_rooms, basic_altar, columned_hall_lemuel, dk_rats_in_the_wall
D:7:      layout_basic, basic_altar, nicolae_ru_sacrificial_ziggurat
D:8:      layout_basic, erik_lair_island, david_nohive_1
Temple:   nicolae_temple_the_god_donut

Notes
Turn   | Place    | Note
-------+----------+-------------------------------------------
     0 | D:1      | lepoulpe303 the Spriggan Earth Elementalist began the quest
                  | for the Orb.
     0 | D:1      | Reached XP level 1. HP: 9/9 MP: 5/5
    86 | D:1      | Identified a +0 club
   304 | D:1      | Identified a +0 club
   307 | D:1      | Reached skill level 3 in Spellcasting
   307 | D:1      | Reached XP level 2. HP: 13/13 MP: 5/7
   314 | D:1      | Learned a level 2 spell: Passwall
   360 | D:1      | Identified a +0 dagger
   364 | D:1      | Reached skill level 3 in Earth Magic
   558 | D:1      | Identified a +0 dagger
   907 | D:1      | Identified a +0 dagger
   911 | D:1      | Identified a +0 club
  1123 | D:1      | Reached XP level 3. HP: 10/16 MP: 8/8
  1128 | D:1      | Learned a level 3 spell: Stone Arrow
  1258 | D:1      | Identified a +0 cloak (You found it on level 1 of the
                  | Dungeon)
  1373 | D:1      | Identified a +0 club
  1636 | D:2      | Identified a +0 dagger
  1866 | D:2      | Identified a +0 club
  2150 | D:2      | Identified a +0 short sword
  2430 | D:3      | Noticed Natasha
  2436 | D:3      | Killed Natasha
  2436 | D:3      | Reached XP level 4. HP: 21/21 MP: 6/10
  2446 | D:3      | Noticed Natasha
  2587 | D:3      | Learned a level 4 spell: Petrify
  2628 | D:3      | Killed Natasha
  2628 | D:3      | Reached skill level 1 in Short Blades
  2628 | D:3      | Reached skill level 4 in Dodging
  2628 | D:3      | Reached skill level 4 in Stealth
  2979 | D:3      | Noticed Natasha
  2987 | D:3      | Killed Natasha
  2987 | D:3      | Reached skill level 4 in Spellcasting
  2987 | D:3      | Reached XP level 5. HP: 24/24 MP: 6/12
  3288 | D:3      | Identified a +0 club
  3289 | D:3      | Identified a +0 club
  3327 | D:3      | Identified a cursed -3 flail
  3327 | D:3      | Identified a +0 scale mail
  3518 | D:3      | Identified a +0 club
  3518 | D:3      | Identified a +0 hunting sling
  3567 | D:3      | Identified a +0 club
  3579 | D:3      | Identified a +0 trident
  3579 | D:3      | Identified a +0 animal skin
  3579 | D:3      | Identified a +1 helmet
  3579 | D:3      | Noticed Robin
  3583 | D:3      | Identified a +2 dagger of protection
  3660 | D:3      | Identified a +0 club
  3694 | D:3      | Identified a +0 dagger
  3694 | D:3      | Identified a +0 club
  3694 | D:3      | Identified a +0 club
  3694 | D:3      | Identified a +0 hunting sling
  3740 | D:3      | Killed Robin
  3885 | D:3      | Identified a +0 club
  3885 | D:3      | Identified a cursed +0 robe
  3885 | D:3      | Noticed Jessica
  3885 | D:3      | Identified a +0 dagger
  3895 | D:3      | Killed Jessica
  3942 | D:3      | Found a shimmering blue altar of Sif Muna.
  4018 | D:3      | Reached skill level 4 in Earth Magic
  4040 | D:3      | Identified a +0 dagger
  4197 | D:4      | Reached XP level 6. HP: 22/28 MP: 13/13
  4276 | D:4      | Identified a +1 whip of pain
  4276 | D:4      | Identified a +0 leather armour
  4290 | D:4      | Identified a +0 short sword
  4359 | D:4      | Identified a +0 giant club
  4368 | D:4      | Reached skill level 2 in Short Blades
  4370 | D:4      | Reached skill level 5 in Stealth
  4384 | D:4      | Reached skill level 5 in Dodging
  4384 | D:4      | Reached skill level 5 in Spellcasting
  4389 | D:4      | Identified a +0 short sword
  4523 | D:4      | Identified a +0 dagger
  4542 | D:4      | Identified a +0 flail
  4542 | D:4      | Identified a +0 dagger
  4542 | D:4      | Identified a +0 robe
  4553 | D:4      | Reached XP level 7. HP: 10/32 MP: 6/15
  4582 | D:4      | Found a staircase to the Ecumenical Temple.
  4596 | Temple   | Entered the Ecumenical Temple
  4606 | Temple   | Became a worshipper of Gozag Ym Sagoz the Greedy
  4703 | D:4      | HP: 8/32 [worm (12)]
  4721 | D:4      | Found a glowing drain.
  4728 | Sewer    | Entered a sewer
  5080 | Sewer    | Identified a +0 whip
  5102 | Sewer    | Identified a +0 short sword
  5288 | Sewer    | Learned a level 5 spell: Lee's Rapid Deconstruction
  5486 | Sewer    | Identified 3 scrolls of identify
  5486 | Sewer    | Identified 3 potions of magic
  5487 | Sewer    | Identified 3 potions of mutation
  5488 | Sewer    | Identified 2 potions of curing
  5489 | Sewer    | Gained mutation: You are somewhat resistant to further
                  | mutation. [potion of mutation]
  5490 | Sewer    | Identified a potion of lignification
  5513 | Sewer    | Identified a potion of degeneration
  5514 | Sewer    | Identified a potion of stabbing
  5515 | Sewer    | Identified a potion of flight
  5517 | Sewer    | Identified a +0 short sword
  5846 | D:5      | Entered Level 5 of the Dungeon
  5859 | D:5      | Reached skill level 3 in Short Blades
  5859 | D:5      | Reached skill level 6 in Spellcasting
  5859 | D:5      | Reached skill level 5 in Earth Magic
  5915 | D:5      | Identified a +0 club
  5915 | D:5      | Identified a +0 chain mail
  5957 | D:5      | Reached skill level 6 in Stealth
  6093 | D:5      | Identified a +0 flail
  6107 | D:5      | Found a glowing silver altar of Zin.
  6517 | D:5      | Identified 8 scrolls of teleportation
  6518 | D:5      | Identified 3 scrolls of magic mapping
  6519 | D:5      | Identified a +1 short sword of speed (You found it on level
                  | 5 of the Dungeon)
  6543 | D:6      | Identified a +0 hand axe
  6546 | D:6      | Identified a +0 club
  6546 | D:6      | Identified a +0 club
  6546 | D:6      | Identified a +0 leather armour
  6705 | D:6      | Identified a +0 shortbow
  7115 | D:6      | Identified a +0 giant club
  7120 | D:6      | Reached skill level 6 in Dodging
  7120 | D:6      | Reached XP level 8. HP: 36/36 MP: 18/18
  7152 | D:6      | Identified a +0 shortbow
  7378 | D:6      | Found an ancient bone altar of Kikubaaqudgha.
  7545 | D:6      | Identified a +0 hand axe
  7546 | D:6      | Identified a +0 dagger
  7546 | D:6      | Identified a +0 robe
  7546 | D:6      | Identified a +0 club
  7546 | D:6      | Identified a +0 short sword
  7546 | D:6      | Identified a +0 scale mail
  7546 | D:6      | Identified a +0 club
  7546 | D:6      | Identified a +0 leather armour
  7611 | D:6      | Reached skill level 7 in Spellcasting
  7888 | D:7      | Identified a +0 giant spiked club
  7900 | D:7      | Found a hazy altar of Hepliaklqana.
  7930 | D:7      | Identified a +0 giant club
  7940 | D:7      | Reached skill level 4 in Short Blades
  7940 | D:7      | Reached skill level 7 in Stealth
  7999 | D:7      | Found a sacrificial altar of Ru.
  8069 | D:7      | Identified a +0 shortbow
  8079 | D:7      | Reached skill level 6 in Earth Magic
  8781 | D:7      | Identified a +0 whip
  8781 | D:7      | Identified a +0 dagger
  8824 | D:7      | Reached skill level 7 in Dodging
  9600 | D:8      | Identified a +0 giant spiked club
  9609 | D:8      | Reached XP level 9. HP: 39/39 MP: 19/21
  9636 | D:8      | Reached skill level 8 in Spellcasting
  9642 | D:8      | Identified a +0 giant spiked club
  9642 | D:8      | Identified a +4 dire flail
  9642 | D:8      | Noticed a two-headed ogre
  9838 | D:8      | Identified a +0 club
  9838 | D:8      | Identified a +0 dagger
  9838 | D:8      | Identified a +0 ring mail
  9997 | D:8      | Identified a cursed -2 hand axe
  9998 | D:8      | Identified a +0 dagger
  9998 | D:8      | Identified a +0 robe
  9999 | D:8      | Identified a +0 shortbow
  9999 | D:8      | Noticed a centaur warrior
 10003 | D:8      | Shot with an arrow by a centaur warrior

Table legend:
 A = Turns spent in this place as a percentage of turns spent in the entire game.
 B = Non-inter-level travel turns spent in this place as a percentage of non-inter-level travel turns spent in the entire game.
 C = Inter-level travel turns spent in this place as a percentage of turns spent in this place.
 D = Turns resting spent in this place as a percentage of non-inter-level travel turns spent in this place.
 E = Turns spent auto-exploring this place as a percentage of non-inter-level travel turns spent in this place.
 F = Non-inter-level travel turns spent in this place divided by the number of levels of this place that you've seen.
                   A       B       C       D       E      F
               +-------+-------+-------+-------+-------+----------------------
         Total | 100.0 | 100.0 |   4.9 |  33.3 |  40.6 | 950.8
       Dungeon |  91.6 |  91.1 |   5.4 |  32.0 |  42.2 | 1083.2
        Temple |   0.2 |   0.2 |   0.0 |   0.0 |   0.0 |  17.0
         Sewer |   8.2 |   8.7 |   0.0 |  48.0 |  25.6 | 825.0
               +-------+-------+-------+-------+-------+----------------------

Table legend:
 A = Kills in this place as a percentage of kills in entire the game.
 B = Kills by you in this place as a percentage of kills by you in the entire game.
 C = Kills by friends in this place as a percentage of kills by friends in the entire game.
 D = Other kills in this place as a percentage of other kills in the entire game.
 E = Experience gained in this place as a percentage of experience gained in the entire game.
 F = Experience gained in this place divided by the number of levels of this place that you have seen.
                   A       B       C       D       E      F
               +-------+-------+-------+-------+-------+----------------------
         Total | 100.0 | 100.0 |   N/A |   N/A | 100.0 | 333.3
       Dungeon |  91.2 |  91.2 |   N/A |   N/A |  92.9 | 387.0
         Sewer |   8.8 |   8.8 |   N/A |   N/A |   7.1 | 237.0
               +-------+-------+-------+-------+-------+----------------------

Skill      XL: |  1  2  3  4  5  6  7  8  9 |
---------------+----------------------------+-----
Spellcasting   | 3 4 5 6 7 8 |  8.3
Earth Magic    | 3 4 5 6 |  6.6
Short Blades   | 1 2 3 4 |  4.7
Dodging        | 4 5 6 7 |  7.4
Stealth        | 4 5 6 7 |  7.9
Transmutations | |  1.3

Action                   |  1- 3 |  4- 6 |  7- 9 || total
-------------------------+-------+-------+-------++-------
Melee: Dagger            |   141 |   238 |   417 ||   796
 Cast: Sandblast         |    17 |    68 |    85 ||   170
       Stone Arrow       |       |       |     4 ||     4
Evoke: Wand              |       |       |     2 ||     2
  Use: Scroll            |       |       |     6 ||     6
       Potion            |       |       |     5 ||     5
 Stab: Sleeping          |     8 |     6 |    16 ||    30
  Eat: Ration            |       |     1 |     3 ||     4
Armor: Robe              |    15 |    40 |    67 ||   122
Dodge: Dodged            |   101 |   202 |   411 ||   714

Vanquished Creatures
  A phantom (D:5)
  A sky beast (D:7)
  A black bear (D:8)
  A necrophage (D:7)
  A wolf (D:8)
  5 ogres
  3 centaurs
  3 big kobolds
  2 bullfrogs
  A bullfrog zombie (D:6)
  A crimson imp (D:6)
  6 hounds
  2 orc priests
  Jessica (D:3)
  2 iguanas (D:4)
  Natasha (thrice) (D:3)
  2 orc wizards
  3 worker ants
  A howler monkey zombie (D:7)
  Robin (D:3)
  10 adders
  2 shadow imps (D:5)
  3 oozes
  2 adder skeletons
  7 worms
  4 leopard geckos
  18 orcs
  8 ball pythons
  5 giant cockroaches
  15 goblins
  12 hobgoblins
  3 jackals (D:4)
  7 quokkas
  7 bats
  6 frilled lizards
  22 kobolds
  A quokka skeleton (D:4)
  9 rats
182 creatures vanquished.
